 Dungeon Crawl Stone Soup version 0.29.1-2-gbd0b4ee654 (webtiles) character file.

Game seed: 3221191961388357849

2619 MaxHasHax6295 the Protected (level 9, -14/78 HPs)
             Began as a Minotaur Berserker on Nov 2, 2022.
             Was a Priest of Trog.
             Shot with a bolt by an orc warrior (24 damage)
             ... on level 7 of the Dungeon.
             The game lasted 00:13:29 (9173 turns).

MaxHasHax6295 the Protected (Minotaur Berserker)    Turns: 9173, Time: 00:13:29

Health: -14/78     AC:  8    Str: 26    XL:     9   Next: 34%
Magic:  8/8        EV:  8    Int:  4    God:    Trog [***...]
Gold:   289        SH: 11    Dex: 10    Spells: 8/8 levels left

rFire   . . .      SeeInvis +   a - +0 hand axe
rCold   . . .      Faith    .   E - +0 tower shield
rNeg    . . .      Spirit   .   d - +0 ring mail
rPois   .          Reflect  .   (helmet restricted)
rElec   .          Harm     .   (no cloak)
rCorr   .          Rampage  .   v - +0 pair of gloves
Will    .....                   (no boots)
Stlth   +.........              (no amulet)
HPRegen 0.23/turn               s - ring of see invisible
MPRegen 0.11/turn               (no ring)

@: studying Throwing
A: horns 2, retaliatory headbutt
a: Renounce Religion, Berserk, Trog's Hand


You were on level 7 of the Dungeon.
You worshipped Trog.
Trog was most pleased with you.
You visited 1 branch of the dungeon, and saw 8 of its levels.

You collected 289 gold pieces.

Inventory:

Hand Weapons
 a - a +0 hand axe (weapon)
 w - a +1 halberd of protection
Missiles
 z - 5 large rocks
Armour
 d - a +0 ring mail (worn)
 v - a +0 pair of gloves (worn)
 E - a +0 tower shield (worn)
Jewellery
 s - a ring of see invisible (left hand)
Wands
 p - a wand of paralysis (19)
 r - a wand of acid (4)
 D - a wand of roots (6)
Scrolls
 c - 2 scrolls of identify
 f - 2 scrolls of teleportation
 i - a scroll of enchant armour {unknown}
 l - a scroll of summoning {unknown}
 n - a scroll of fear {unknown}
 o - 3 scrolls of brand weapon
 q - 2 scrolls of vulnerability {unknown}
 u - a scroll of poison {unknown}
 x - 2 scrolls of magic mapping
 y - a scroll of butterflies {unknown}
 B - a scroll of enchant weapon {unknown}
 C - a scroll of amnesia {unknown}
Potions
 b - 8 potions of heal wounds
 e - a potion of degeneration {unknown}
 g - a potion of cancellation {unknown}
 h - a potion of resistance {unknown}
 j - a potion of lignification {unknown}
 k - a potion of magic
 m - a potion of curing
 t - a potion of might
 A - 2 potions of mutation


   Skills:
 + Level 6.9 Fighting
 + Level 8.2(9.0) Axes
 + Level 5.4(7.6) Polearms
 + Level 8.4 Armour
 + Level 5.5 Dodging
 + Level 1.7 Stealth
 + Level 2.5 Shields
 + Level 0.1 Evocations


You had 8 spell levels left.
You didn't know any spells.
Your spell library was empty.

Dungeon Overview and Level Annotations

Branches:
Dungeon (8/15)             Temple (0/1) D:5
   Lair: D:8-11

Altars:
Cheibriados
Hepliaklqana
Makhleb
Okawaru
Sif Muna
Wu Jian

Shops:
D:3 [


Innate Abilities, Weirdness & Mutations

You have a pair of horns on your head.
You reflexively headbutt those who attack you in melee.


Message History

Trog accepts your kill.
No target in view!
You start resting.
HP restored.
You start waiting.
Done waiting.
You see here a hound corpse.
An orc warrior comes into view. It is wielding a +0 battleaxe.
The orc warrior shouts!
You hear a shout!
The orc warrior unwields a +0 battleaxe.
The orc warrior wields a +0 arbalest.
The orc warrior shoots a bolt.
You block the bolt.
An orc comes into view. It is wielding a +0 club.
The orc warrior shoots a bolt.
You block the bolt.
You hear a shout!
The orc warrior shoots a bolt.
The bolt barely misses you.
The orc warrior shoots a bolt.
The bolt hits you!
An orc comes into view. It is wielding a +0 club.
An orc comes into view. It is wielding a +0 dagger.
The orc warrior unwields a +0 arbalest.
The orc warrior wields a +0 battleaxe.
The orc warrior hits you with a +0 battleaxe!!
You hit the orc warrior but do no damage.
The orc warrior hits you with a +0 battleaxe!!
You are too injured to fight recklessly!
You are too injured to fight recklessly!
The orc warrior unwields a +0 battleaxe.
The orc warrior wields a +0 arbalest.
The orc warrior shoots a bolt.
The bolt barely misses you.
The orc warrior shoots a bolt.
The bolt hits you!
* * * LOW HITPOINT WARNING * * *
The orc warrior shoots a bolt.
You block the bolt.
The orc warrior shoots a bolt.
The bolt barely misses you.
The orc warrior shoots a bolt.
The bolt barely misses you.
You see here a +0 flail.
The orc warrior shoots a bolt.
The bolt hits you!
* * * LOW HITPOINT WARNING * * *
You open the door.
There is an open door here.
The orc warrior shoots a bolt.
The bolt hits you!!
You die...

#.# #.##.######.#............#
#.# #.##.# #.#########.#### #.#
#.##.# #.# #...# #.###.##.# ##'##
#.### #........# ##...## #.#
#####.#### ##.....## #.###
####.## ##.......## #.#.##
##.....####.........###....######
..........+.....@...'..o.......>.
##.#...####.........###oo..######
##.##..# ##.......## #.#.###
##.....# ##.....## #...o.#
##.##..# ##...## #####.# ##.##..#
##'## #.# .......# #.# #.#
##.##### #.# #.# ##.## ##.## #.#


You could see an orc warrior and an orc.

Vanquished Creatures
  A cyclops (D:7)
  2 steam dragons
  Menkaure (D:4)
  A water moccasin (D:7)
  An orc warrior (D:7)
  A sky beast (D:7)
  2 black bears (D:4)
  An ogre (D:6)
  Blork the orc (D:4)
  2 necrophages
  4 scorpions
  A wight (D:7)
  3 killer bees (D:7)
  2 howler monkeys
  5 hounds
  A gnoll bouda (D:5)
  2 jellies
  2 iguanas
  An orc wizard (D:7)
  15 gnolls
  10 adders
  A shadow imp (D:6)
  An ufetubus (D:6)
  2 dart slugs
  9 orcs
  3 endoplasms
  2 giant cockroaches
  9 goblins
  10 hobgoblins
  4 jackals (D:1)
  5 quokkas
  9 ball pythons
  5 bats
  7 frilled lizards
  15 kobolds
  8 rats
149 creatures vanquished.

Vanquished Creatures (others)
  21 plants
21 creatures vanquished.

Grand Total: 170 creatures vanquished

Notes
Turn   | Place    | Note
-------+----------+-------------------------------------------
     0 | D:1      | MaxHasHax6295 the Minotaur Berserker began the quest for
                  | the Orb.
     0 | D:1      | Reached XP level 1. HP: 19/19 MP: 0/0
   391 | D:1      | Reached XP level 2. HP: 26/27 MP: 1/1
  1232 | D:1      | Reached XP level 3. HP: 26/34 MP: 2/2
  1418 | D:1      | Reached ** piety under Trog
  2252 | D:2      | Reached XP level 4. HP: 40/41 MP: 3/3
  2324 | D:2      | Found a hazy altar of Hepliaklqana.
  2825 | D:3      | Found a burning altar of Makhleb.
  2828 | D:3      | Found an iron altar of Okawaru.
  2984 | D:3      | Reached skill level 5 in Axes
  3102 | D:3      | Found a faded altar of an unknown god.
  3233 | D:3      | Found Gonecub's Armour Shoppe.
  3558 | D:4      | Reached XP level 5. HP: 41/47 MP: 4/4
  3627 | D:4      | Noticed Blork the orc
  3637 | D:4      | Killed Blork the orc
  3886 | D:4      | Noticed a black bear
  3894 | D:4      | Reached skill level 5 in Fighting
  3894 | D:4      | Reached XP level 6. HP: 47/56 MP: 5/5
  3896 | D:4      | Reached skill level 5 in Armour
  4251 | D:4      | Noticed Menkaure
  4258 | D:4      | Killed Menkaure
  4259 | D:4      | Reached skill level 1 in Stealth
  4259 | D:4      | Reached XP level 7. HP: 61/61 MP: 6/6
  4325 | D:4      | Noticed a steam dragon
  4336 | D:4      | Killed a steam dragon
  4553 | D:4      | Found an ornate altar of the Wu Jian Council.
  5048 | D:4      | Found a faded altar of an unknown god.
  5048 | D:4      | Found a faded altar of an unknown god.
  5048 | D:4      | Found a hazy altar of Hepliaklqana.
  5048 | D:4      | Found a faded altar of an unknown god.
  5234 | D:5      | Entered Level 5 of the Dungeon
  5400 | D:4      | Reached *** piety under Trog
  5474 | D:5      | Reached XP level 8. HP: 48/70 MP: 7/7
  5935 | D:5      | Found a staircase to the Ecumenical Temple.
  6253 | D:5      | Reached skill level 1 in Polearms
  7198 | D:7      | Found a shimmering blue altar of Sif Muna.
  7246 | D:6      | Reached skill level 5 in Polearms
  7745 | D:7      | Reached XP level 9. HP: 74/78 MP: 8/8
  7986 | D:7      | Reached skill level 1 in Shields
  8430 | D:7      | Reached skill level 5 in Dodging
  8560 | D:7      | Noticed a cyclops
  8574 | D:7      | Killed a cyclops
  8642 | D:7      | Found a snail-covered altar of Cheibriados.
  9173 | D:7      | Shot with a bolt by an orc warrior

Illustrated notes

Levels and vault maps discovered:
D:1:      nicolae_arrival_somewhat_less_tricky_arrival, layout_basic,
          st_stairs_6, lexackson_kobold_supper
D:2:      layout_basic, basic_altar, st_stairs_7
D:3:      layout_rooms, nicolae_overflow_squiral,
          ebering_ecumenical_altar_abandoned, serial_shops, shop,
          chequers_big_river
D:4:      layout_loops_corners, nicolae_hepliaklqana_ecumenical_no_more,
          nzn_wu_jian_council_hall, grunt_ministairs_15, uniq_menkaure,
          uniq_blork_the_orc
D:5:      layout_rooms, minmay_temple_entry_butterflies,
          kennysheep_generic_room_6
D:6:      layout_rooms, grunt_ministairs_3
D:7:      layout_loops_corners, mainiacjoe_overflow_small_starburst,
          slow_altar_1, minmay_manual_mess
D:8:      layout_cave_pools, kennysheep_mini_moat,
          nicolae_overflow_two_pavilions, minmay_lindwurm_lava

Skill      XL: |  1  2  3  4  5  6  7  8  9 |
---------------+----------------------------+-----
Axes           | 4 5 6 7 8 |  8.2
Fighting       | 4 5 6 |  6.9
Armour         | 3 4 5 6 7 8 |  8.4
Dodging        | 3 4 5 |  5.5
Stealth        | 1 |  1.7
Polearms       | 5 |  5.4
Shields        | 2 |  2.5
Evocations     | |  0.1

Action                   |  1- 3 |  4- 6 |  7- 9 || total
-------------------------+-------+-------+-------++-------
Melee: Hand axe          |    80 |   113 |   147 ||   340
       Headbutt          |    13 |    14 |    52 ||    79
       Punch             |       |     3 |     1 ||     4
       Halberd           |       |       |    67 ||    67
Invok: Berserk           |       |     3 |     5 ||     8
Evoke: Wand              |       |       |     3 ||     3
  Use: Scroll            |       |       |    11 ||    11
       Potion            |       |       |     2 ||     2
Armor: Animal skin       |     7 |       |       ||     7
       Ring mail         |    15 |    30 |    85 ||   130
Dodge: Dodged            |    45 |    74 |   125 ||   244
Block: Tower shield      |       |       |    68 ||    68
